 Dungeon Crawl Stone Soup version 0.24.0-13-gcf9b3192b9 (webtiles) character file.

Game seed: 16786323849026721535, levelgen mode: deterministic

1228 Lanoc the Shield-Bearer (level 8, -3/54 HPs)
             Began as a Halfling Fighter on Nov 9, 2019.
             Was a Believer of Nemelex Xobeh.
             Killed by nerve-wracking pain
             ... invoked by an orc priest
              (14 damage)
             ... on level 6 of the Dungeon.
             The game lasted 00:12:37 (5541 turns).

Lanoc the Shield-Bearer (Halfling Fighter)          Turns: 5541, Time: 00:12:37

Health: -3/54      AC:  8    Str: 20    XL:     8   Next: 76%
Magic:  11/11      EV: 12    Int:  6    God:    Nemelex Xobeh [**....]
Gold:   272        SH: 11    Dex: 16    Spells: 7/7 levels left

rFire    + . .     SeeInvis .   d - +1 hunting sling
rCold    . . .     Gourm    .   c - +0 shield
rNeg     . . .     Faith    .   b - +0 scale mail
rPois    .         Spirit   .   (no helmet)
rElec    .         Reflect  .   p - +0 cloak (curse)
rCorr    .         Harm     .   (no gloves)
MR       .....                  (no boots)
Stlth    ..........             (no amulet)
HPRegen  0.18/turn              g - ring of protection from fire
MPRegen  0.12/turn              w - +3 ring of strength

@: no status effects
A: small, mutation resistance 1
a: Draw Escape, Draw Destruction, Draw Summoning, Renounce Religion


You were on level 6 of the Dungeon.
You worshipped Nemelex Xobeh.
Nemelex Xobeh was pleased with you.
You were not hungry.

You visited 1 branch of the dungeon, and saw 6 of its levels.
You also visited: Sewer.

You collected 272 gold pieces.

Inventory:

Hand Weapons
 a - a +0 long sword
 d - a +1 hunting sling (weapon)
Missiles
 e - 30 sling bullets (quivered)
 h - 90 stones
 l - 5 curare-tipped darts
Armour
 b - a +0 scale mail (worn)
 c - a +0 shield (worn)
 j - a +0 cloak
 p - a cursed +0 cloak (worn)
 r - the -4 helmet of Nobility {-Cast rElec rPois Int+3}
   (You took it off Robin on level 3 of the Dungeon)

   It affects your intelligence (+3).
   It insulates you from electricity.
   It protects you from poison.
   It prevents spellcasting.
Jewellery
 g - a ring of protection from fire (left hand)
 w - a +3 ring of strength (right hand)
Wands
 k - a wand of flame (16)
 q - a wand of paralysis (12)
Scrolls
 i - 4 scrolls of identify
 n - 2 scrolls of enchant weapon
 o - a scroll of amnesia
 t - a scroll of magic mapping
 u - a scroll of remove curse
 x - a scroll of fog
Potions
 m - 5 potions of curing
 s - a potion of heal wounds {unknown}
 v - a potion of might
Comestibles
 f - 2 rations


   Skills:
 + Level 4.5 Fighting
 - Level 2.0 Long Blades
 * Level 5.0 Slings
 + Level 5.3 Armour
 + Level 3.9 Dodging
 * Level 6.2 Shields
 * Level 4.1 Invocations


You had 7 spell levels left.
You didn't know any spells.
Your spell library was empty.

Dungeon Overview and Level Annotations

Branches:
Dungeon (6/15)              Sewer (visited)
 Temple: D:4-7

Altars:
Nemelex Xobeh
Sif Muna
Vehumet

Shops:
D:4 (


Innate Abilities, Weirdness & Mutations

You are small and have problems with some larger weapons.
You are somewhat resistant to further mutation.


Message History

You block the orc warrior's attack.
The orc priest mumbles some strange prayers to Beogh against you.
Pain shoots through your body!
Firing (i - inventory. (/) - cycle)
e - 32 sling bullets (quivered)
Press: ? - help, Shift-Dir - straight line, f/p - orc priest
Aim: an orc priest, wielding a +0 hand axe of chopping and wearing a +0 chain mail You shoot a sling bullet.
The sling bullet barely misses the orc priest.
The orc priest completely misses you.
The orc warrior hits you with a +0 mace!
* * * LOW HITPOINT WARNING * * *
Firing (i - inventory. (/) - cycle)
e - 31 sling bullets (quivered)
Press: ? - help, Shift-Dir - straight line, f/p - orc priest
Aim: an orc priest, wielding a +0 hand axe of chopping and wearing a +0 chain mail You shoot a sling bullet.
The sling bullet hits the orc priest.
The orc priest is lightly wounded.
The orc priest calls down the wrath of Beogh upon you.
Pain shoots through your body!
You die...
Your body disappears without a glow.

#..........#
#.........(#
#...8.8....#
#..........#
#.8.8.8.8..#
#..........#
##.8...8.8..#######
#..........ooo...(#
#..8.......@###.o..(
#...........# ...
####....<..##..# #
#...#.....≈PP≈##
#........≈≈≈≈PP
#.....P≈≈≈PPP≈≈
###.....P≈♣♣♣♣♣
##...#....≈≈♣
#........P≈♣♣


You could see an orc warrior, an orc priest and an orc.

Vanquished Creatures
  Sigmund (D:2)
  A boggart (Sewer)
  An ogre (D:6)
  A centaur (D:5)
  A bullfrog (D:4)
  2 crimson imps
  A hound (D:5)
  An orc priest (D:6)
  2 centaur skeletons (D:4)
  An iguana (D:4)
  Natasha (thrice) (D:3)
  An orc wizard (D:6)
  A worker ant (D:5)
  A hound skeleton (D:5)
  Robin (D:3)
  11 adders
  2 shadow imps
  11 oozes
  2 adder skeletons
  2 worms (D:2)
  3 dart slugs
  17 leopard geckos
  11 orcs
  8 giant cockroaches
  13 goblins
  10 hobgoblins
  14 jackals
  4 kobolds
  2 quokkas (D:3)
  12 ball pythons
  10 bats
  8 frilled lizards
  A leopard gecko skeleton (D:4)
  9 rats
169 creatures vanquished.

Vanquished Creatures (others)
  A bullfrog (Sewer)
  A frilled lizard (Sewer)
2 creatures vanquished.

Grand Total: 171 creatures vanquished

Notes
Turn   | Place    | Note
-------+----------+-------------------------------------------
     0 | D:1      | Lanoc the Halfling Fighter began the quest for the Orb.
     0 | D:1      | Reached XP level 1. HP: 15/15 MP: 1/1
   126 | D:1      | Reached XP level 2. HP: 20/20 MP: 2/2
   212 | D:1      | Reached skill level 1 in Dodging
   231 | D:1      | Reached XP level 3. HP: 14/25 MP: 3/3
   580 | D:2      | Found a radiant altar of Vehumet.
   634 | D:2      | Reached XP level 4. HP: 31/31 MP: 4/4
   834 | D:2      | Noticed Sigmund
   844 | D:2      | Killed Sigmund
   844 | D:2      | Reached skill level 4 in Shields
   844 | D:2      | Reached XP level 5. HP: 34/37 MP: 5/5
   844 | D:2      | Reached XP level 6. HP: 39/43 MP: 6/6
   892 | D:2      | Found a sparkling altar of Nemelex Xobeh.
   896 | D:2      | Became a worshipper of Nemelex Xobeh the Trickster
   905 | D:2      | Found a shimmering blue altar of Sif Muna.
  1180 | D:2      | Found a faded altar of an unknown god.
  1184 | D:2      | Received a gift from Nemelex Xobeh
  1529 | D:3      | Identified the cursed -4 helmet of Nobility {-Cast rElec
                  | rPois Int+3}
  1529 | D:3      | Noticed Robin
  1549 | D:3      | Killed Robin
  1737 | D:3      | Reached skill level 1 in Invocations
  2058 | D:3      | Reached * piety under Nemelex Xobeh
  2114 | D:3      | Noticed Natasha
  2120 | D:3      | Killed Natasha
  2198 | D:3      | Noticed Natasha
  2211 | D:3      | Killed Natasha
  2211 | D:3      | Reached skill level 1 in Slings
  2560 | D:3      | Noticed Natasha
  2569 | D:3      | Killed Natasha
  2569 | D:3      | Reached XP level 7. HP: 43/47 MP: 8/8
  2686 | D:4      | Found a glowing drain.
  2728 | Sewer    | Entered a sewer
  2974 | Sewer    | Reached skill level 5 in Shields
  3300 | Sewer    | Reached skill level 5 in Armour
  3664 | D:4      | Found Ujagiph's Weapon Shoppe.
  3693 | D:4      | Received a gift from Nemelex Xobeh
  3774 | D:4      | Reached XP level 8. HP: 52/54 MP: 10/10
  4654 | D:5      | Entered Level 5 of the Dungeon
  5045 | D:5      | Reached skill level 6 in Shields
  5232 | D:6      | Reached skill level 5 in Slings
  5463 | D:6      | Reached ** piety under Nemelex Xobeh
  5463 | D:6      | Received a gift from Nemelex Xobeh
  5541 | D:6      | Killed from afar by an orc priest

Levels and vault maps discovered:
D:1:      lightli_iron_boxes, layout_rooms, wad_floor_pattern_2
D:2:      layout_loops_corners, amethyst_overflow_temple_binary,
          marbit_many_paths, chequers_ecumenical_altar_twisty,
          kennysheep_generic_room_14, uniq_sigmund
D:3:      layout_loops_ring, serial_bayou_pond_a, uniq_robin, uniq_natasha
D:4:      layout_basic, serial_corexii_hall, chequers_hall_statues_y,
          corexii_hall_statues_x, first_ration, serial_shops, shop,
          portal_sewer_entry_f
D:5:      layout_loops_ring, minmay_temple_entry_enclosed_plants, serial_shops,
          nicolae_shop_behind_doors, minmay_fountain_box
D:6:      layout_cave_pools, kennysheep_little_box, serial_column_ruins,
          column_ruins_hut_pillars, column_ruins_open_small,
          column_ruins_open_small_water, column_ruins_grid_1,
          column_ruins_grid_1, column_ruins_grid_4, column_ruins_columns_plus,
          column_ruins_columns_straight, serial_bayou_pond_c

Skill      XL: |  1  2  3  4  5  6  7  8 |
---------------+-------------------------+-----
Dodging        | 1 2 3 |  3.9
Fighting       | 3 4 |  4.5
Armour         | 4 5 |  5.3
Shields        | 4 5 6 |  6.2
Invocations    | 1 2 4 |  4.1
Slings         | 1 3 5 |  5.0
Long Blades    | |  2.0

Action                   |  1- 3 |  4- 6 |  7- 9 || total
-------------------------+-------+-------+-------++-------
Melee: Long sword        |   119 |   118 |       ||   237
 Fire: Hunting sling     |       |    83 |   427 ||   510
Throw: Dart              |       |     3 |       ||     3
 Abil: Draw Escape       |       |       |     3 ||     3
       Draw Destruction  |       |       |     3 ||     3
  Use: Potion            |       |     1 |     2 ||     3
       Scroll            |       |     7 |     2 ||     9
  Eat: Chunk             |       |     5 |     4 ||     9
       Ration            |       |       |     2 ||     2
Armor: Scale mail        |    63 |    47 |    92 ||   202
Dodge: Dodged            |    47 |    72 |   161 ||   280
Block: Shield            |    89 |   111 |   179 ||   379
       Rpst.: Long sword |    16 |    23 |       ||    39
